PAAA
MILTON DOGFISH HEAD @ GRYFINDOR BRAVES
08/02/2026
 
TOP OF THE 1ST
Milton Dogfish Head batting - Pitching for Gryfindor Braves : RHP Bartolo Ramírez
Pitching: RHP Bartolo Ramírez
Batting: RHB José Correa 0-0: SINGLE (Flyball, 8RS)
Batting: RHB Bryce Bancroft 0-0: Ball
1-0: Ball
2-0: Called Strike
2-1: Foul Ball, location: 2F
2-2: Ground out 5-3 (Groundball, 56S)
José Correa to second
Batting: LHB Víctor Robledo 0-0: Ball
1-0: Ball
2-0: Called Strike
2-1: Foul Ball, location: 2F
2-2: Ball
3-2: Base on Balls
Batting: LHB António Ramos 0-0: Foul Ball, location: 2F
0-1: Grounds into double play, 4-6-3 (Groundball, 34)
Top of the 1st over - 0 run(s), 1 hit(s), 0 error(s), 1 left on base; Milton 0 - Gryfindor 0
BOTTOM OF THE 1ST
Gryfindor Braves batting - Pitching for Milton Dogfish Head : RHP Jim Unknown
Pitching: RHP Jim Unknown
Batting: LHB Jack Schmitt 0-0: Swinging Strike
0-1: Called Strike
0-2: Ball
1-2: Ball
2-2: Fly out, F8 (Flyball, 8RM)
Batting: LHB José Corona 0-0: Ball
1-0: Ball
2-0: Foul Ball, location: 2F
2-1: Fly out, F9 (Flyball, 9)
Batting: SHB Salvador Trevino 0-0: Ball
1-0: Called Strike
1-1: Ball
2-1: Ball
3-1: Base on Balls
Batting: SHB Fernando Sánchez 0-0: Ball
1-0: Called Strike
1-1: Ball
2-1: Foul Ball, location: 2F
2-2: Ball
3-2: Base on Balls
Salvador Trevino to second
Batting: RHB Steve Duncan 0-0: Foul Ball, location: 2F
0-1: Ball
1-1: Ball
2-1: Ball
3-1: Swinging Strike
3-2: Foul Ball, location: 2F
3-2: SINGLE (Groundball, 6MD)
Salvador Trevino to third
Fernando Sánchez to second
Salvador Trevino scores
Fernando Sánchez to third
Batting: SHB Arturo Romero 0-0: Ball
1-0: Ground out 1-3 (Groundball, 15)
Bottom of the 1st over - 1 run(s), 1 hit(s), 0 error(s), 2 left on base; Milton 0 - Gryfindor 1
TOP OF THE 2ND
Milton Dogfish Head batting - Pitching for Gryfindor Braves : RHP Bartolo Ramírez
Batting: RHB Moisés Quintana 0-0: Foul Ball, location: 2F
0-1: Ball
1-1: SINGLE (Line Drive, 8LS)
Batting: RHB Brad Perry 0-0: Swinging Strike
0-1: Ball
1-1: Called Strike
1-2: Foul Ball, location: 2F
1-2: Ball
2-2: Strikes out swinging
Batting: LHB Luis Vicenteno 0-0: Ball
1-0: Called Strike
1-1: Called Strike
1-2: Foul Ball, location: 2F
1-2: Ball
2-2: Strikes out swinging
Batting: RHB Víctor López 0-0: Called Strike
0-1: Fly out, F7 (Line Drive, 7)
Top of the 2nd over - 0 run(s), 1 hit(s), 0 error(s), 1 left on base; Milton 0 - Gryfindor 1
BOTTOM OF THE 2ND
Gryfindor Braves batting - Pitching for Milton Dogfish Head : RHP Jim Unknown
Batting: RHB Ernesto Souza 0-0: Ball
1-0: Ball
2-0: SINGLE (Flyball, 89S)
Batting: SHB Emílio Gonzáles 0-0: Ball
1-0: Ball
2-0: Called Strike
2-1: Called Strike
2-2: Foul Ball, location: 2F
2-2: Ball
3-2: Base on Balls
Ernesto Souza to second
Batting: RHB Bob McNeil 0-0: Ball
1-0: Ball
2-0: Ball
3-0: Called Strike
3-1: Swinging Strike
3-2: Grounds into double play, 6-4-3 (Groundball, 6)
Ernesto Souza to third
Batting: LHB Jack Schmitt 0-0: Called Strike
0-1: Foul Ball, location: 2F
0-2: Ball
1-2: Ball
2-2: Strikes out swinging
Bottom of the 2nd over - 0 run(s), 1 hit(s), 0 error(s), 1 left on base; Milton 0 - Gryfindor 1
TOP OF THE 3RD
Milton Dogfish Head batting - Pitching for Gryfindor Braves : RHP Bartolo Ramírez
Batting: RHB Lorenzo Rosas 0-0: Ball
1-0: Foul Ball, location: 2F
1-1: Foul Ball, location: 2F
1-2: Fly out, F7 (Flyball, 7S)
Batting: RHB José Correa 0-0: Ball
1-0: Ball
2-0: Called Strike
2-1: Ground out 3-1 (Groundball, 34)
Batting: RHB Bryce Bancroft 0-0: Ground out 4-3 (Groundball, 4MS)
Top of the 3rd over - 0 run(s), 0 hit(s), 0 error(s), 0 left on base; Milton 0 - Gryfindor 1
BOTTOM OF THE 3RD
Gryfindor Braves batting - Pitching for Milton Dogfish Head : RHP Jim Unknown
Batting: LHB José Corona 0-0: Ball
1-0: Called Strike
1-1: Ball
2-1: Foul Ball, location: 2F
2-2: Foul Ball, location: 2F
2-2: Ball
3-2: Foul Ball, location: 2F
3-2: Base on Balls
Batting: SHB Salvador Trevino 0-0: Foul Ball, location: 2F
0-1: Ball
1-1: Foul Ball, location: 2F
1-2: Grounds into double play, 5-4-3 (Groundball, 56)
Batting: SHB Fernando Sánchez 0-0: Foul Ball, location: 2F
0-1: Foul Ball, location: 2F
0-2: Ball
1-2: Ball
2-2: Ground out 4-3 (Groundball, 34)
Bottom of the 3rd over - 0 run(s), 0 hit(s), 0 error(s), 0 left on base; Milton 0 - Gryfindor 1
TOP OF THE 4TH
Milton Dogfish Head batting - Pitching for Gryfindor Braves : RHP Bartolo Ramírez
Batting: LHB Víctor Robledo 0-0: Ball
1-0: Foul Ball, location: 2F
1-1: SOLO HOME RUN (Flyball, 89XD), Distance : 415 ft
Batting: LHB António Ramos 0-0: Called Strike
0-1: Ball
1-1: Foul Ball, location: 2F
1-2: Ball
2-2: Strikes out swinging
Batting: RHB Moisés Quintana 0-0: Ball
1-0: Swinging Strike
1-1: Foul Ball, location: 2F
1-2: Foul Ball, location: 2F
1-2: Foul Ball, location: 2F
1-2: SINGLE (Groundball, 4MD)
Batting: RHB Brad Perry 0-0: Ball
1-0: Called Strike
1-1: Grounds into double play, 1-6-3 (Groundball, P)
Top of the 4th over - 1 run(s), 2 hit(s), 0 error(s), 0 left on base; Milton 1 - Gryfindor 1
BOTTOM OF THE 4TH
Gryfindor Braves batting - Pitching for Milton Dogfish Head : RHP Jim Unknown
Batting: RHB Steve Duncan 0-0: Ball
1-0: Foul Ball, location: 2F
1-1: Ball
2-1: Called Strike
2-2: Foul Ball, location: 2F
2-2: Ball
3-2: Base on Balls
Batting: SHB Arturo Romero 0-0: Ball
1-0: Ball
2-0: Ball
3-0: Base on Balls
Steve Duncan to second
Batting: RHB Ernesto Souza 0-0: Ball
1-0: Foul Ball, location: 2F
1-1: SINGLE (Groundball, 6MD)
Steve Duncan to third
Arturo Romero to second
Batting: SHB Emílio Gonzáles 0-0: Ball
1-0: Ball
2-0: Called Strike
2-1: Reached on error, E4 (Groundball, 34)
Steve Duncan scores
Arturo Romero to third
Ernesto Souza to second
Batting: RHB Bob McNeil 0-0: Called Strike
0-1: Ball
1-1: Ball
2-1: Foul Ball, location: 2F
2-2: Ball
3-2: Fly out, F9 (Flyball, 9)
Batting: LHB Jack Schmitt 0-0: Ball
1-0: Ball
2-0: Ball
3-0: Fly out, F7 (Flyball, 78M)
Batting: LHB José Corona 0-0: Swinging Strike
0-1: Fly out, F9 (Flyball, 89M)
Bottom of the 4th over - 1 run(s), 1 hit(s), 1 error(s), 3 left on base; Milton 1 - Gryfindor 2
TOP OF THE 5TH
Milton Dogfish Head batting - Pitching for Gryfindor Braves : RHP Bartolo Ramírez
Batting: LHB Luis Vicenteno 0-0: Ball
1-0: Foul Ball, location: 2F
1-1: Ball
2-1: Swinging Strike
2-2: Foul Ball, location: 2F
2-2: Foul Ball, location: 2F
2-2: Strikes out looking
Batting: RHB Víctor López 0-0: Called Strike
0-1: Ball
1-1: Foul Ball, location: 2F
1-2: Foul Ball, location: 2F
1-2: Ball
2-2: Foul Ball, location: 2F
2-2: Foul Ball, location: 2F
2-2: Ball
3-2: Foul Ball, location: 2F
3-2: DOUBLE (Line Drive, 7LM)
Batting: RHB Lorenzo Rosas 0-0: Ball
1-0: Foul Ball, location: 2F
1-1: Swinging Strike
1-2: DOUBLE (Flyball, 78D)
Víctor López scores
Batting: RHB José Correa 0-0: Ball
1-0: Ball
2-0: Ball
3-0: Called Strike
3-1: Base on Balls
Pitching: RHP Casey Dagher
Batting: RHB Bryce Bancroft 0-0: Foul Ball, location: 2F
0-1: Ball
1-1: Called Strike
1-2: Strikes out swinging
Batting: LHB Víctor Robledo 0-0: Ball
1-0: Foul Ball, location: 2F
1-1: Foul Ball, location: 2F
1-2: Ball
2-2: Foul Ball, location: 2F
2-2: SINGLE (Line Drive, 56)
Lorenzo Rosas to third
José Correa to second
Runner from 3rd tries for Home, SAFE, no throw
Batting: LHB António Ramos 0-0: Ball
1-0: Ball
2-0: Called Strike
2-1: Ball
3-1: Base on Balls
José Correa to third
Víctor Robledo to second
Batting: RHB Moisés Quintana 0-0: Swinging Strike
0-1: Ball
1-1: Fielders Choice at 2nd, 5-4 (Groundball, 56)
Top of the 5th over - 2 run(s), 3 hit(s), 0 error(s), 2 left on base; Milton 3 - Gryfindor 2
BOTTOM OF THE 5TH
Gryfindor Braves batting - Pitching for Milton Dogfish Head : RHP Jim Unknown
Batting: SHB Salvador Trevino 0-0: Ball
1-0: Fly out, F7 (Flyball, 7S)
Batting: SHB Fernando Sánchez 0-0: SINGLE (Groundball, 34D)
Pitching: RHP Carlos Valentín
Batting: RHB Steve Duncan 0-0: Fly out, F8 (Flyball, 8RD)
Batting: SHB Arturo Romero 0-0: Ball
1-0: Called Strike
1-1: Foul Ball, location: 2F
1-2: Ball
2-2: Ground out U3 (Groundball, 3)
Bottom of the 5th over - 0 run(s), 1 hit(s), 0 error(s), 1 left on base; Milton 3 - Gryfindor 2
TOP OF THE 6TH
Milton Dogfish Head batting - Pitching for Gryfindor Braves : RHP Casey Dagher
Batting: RHB Brad Perry 0-0: Foul Ball, location: 2F
0-1: Foul Ball, location: 2F
0-2: Ball
1-2: Fly out, F9 (Flyball, 89M)
Batting: LHB Luis Vicenteno 0-0: Called Strike
0-1: Ball
1-1: Fly out, F4 (Popup, 4MS)
Batting: RHB Víctor López 0-0: Ball
1-0: Foul Ball, location: 2F
1-1: Ground out 6-3 (Groundball, 56)
Top of the 6th over - 0 run(s), 0 hit(s), 0 error(s), 0 left on base; Milton 3 - Gryfindor 2
BOTTOM OF THE 6TH
Gryfindor Braves batting - Pitching for Milton Dogfish Head : RHP Carlos Valentín
Batting: RHB Ernesto Souza 0-0: Called Strike
0-1: Called Strike
0-2: SINGLE (Groundball, 56D)
Batting: SHB Emílio Gonzáles 0-0: Bunted foul
0-1: Ball
1-1: Bunted foul
1-2: Ball
2-2: Foul Ball, location: 2F
2-2: DOUBLE (Flyball, 7D)
Ernesto Souza to third
Batting: RHB Bob McNeil 0-0: Ball
1-0: Ball
2-0: Foul Ball, location: 2F
2-1: Foul Ball, location: 2F
2-2: Ball
3-2: Foul Ball, location: 2F
3-2: Base on Balls
Batting: LHB Jack Schmitt 0-0: Called Strike
0-1: Ball
1-1: Ball
2-1: Ball
3-1: Base on Balls
Ernesto Souza scores
Emílio Gonzáles to third
Bob McNeil to second
Batting: LHB José Corona 0-0: Ball
1-0: Ball
2-0: Foul Ball, location: 2F
2-1: Called Strike
2-2: Grounds into fielders choice 3-2 (Groundball, 3L)
Bob McNeil to third
Jack Schmitt to second
Batting: SHB Salvador Trevino 0-0: Ball
1-0: Swinging Strike
1-1: GRAND SLAM HOME RUN (Flyball, 7LD), Distance : 342 ft
Pitching: RHP Edgardo Nava
Batting: SHB Fernando Sánchez 0-0: Ball
1-0: Foul Ball, location: 2F
1-1: Ground out 4-3 (Groundball, 4M)
Batting: RHB Steve Duncan 0-0: SINGLE (Groundball, 56D)
Batting: SHB Arturo Romero 0-0: Ball
1-0: Swinging Strike
1-1: Ball
2-1: Called Strike
2-2: SINGLE (Groundball, 4MD)
Steve Duncan to second
Runner from 2nd tries for 3rd, SAFE, throw made to third
Batting: RHB Ernesto Souza 0-0: Called Strike
0-1: Called Strike
0-2: SINGLE (Groundball, 4D)
Steve Duncan scores
Arturo Romero to second
Runner from 2nd tries for 3rd, SAFE, throw made to third
Batting: SHB Emílio Gonzáles 0-0: Foul Ball, location: 2F
0-1: Called Strike
0-2: Fly out, F6 (Popup, 6)
Bottom of the 6th over - 6 run(s), 6 hit(s), 0 error(s), 2 left on base; Milton 3 - Gryfindor 8
TOP OF THE 7TH
Milton Dogfish Head batting - Pitching for Gryfindor Braves : RHP Casey Dagher
Batting: RHB Lorenzo Rosas 0-0: Foul Ball, location: 2F
0-1: Fly out, F7 (Line Drive, 7)
Batting: RHB José Correa 0-0: Foul Ball, location: 2F
0-1: Swinging Strike
0-2: Foul Ball, location: 2F
0-2: Foul Ball, location: 2F
0-2: Ball
1-2: Ball
2-2: Ball
3-2: Strikes out swinging
Batting: RHB Bryce Bancroft 0-0: Ball
1-0: Ball
2-0: Called Strike
2-1: Foul Ball, location: 2F
2-2: Ground out U3 (Groundball, 3L)
Top of the 7th over - 0 run(s), 0 hit(s), 0 error(s), 0 left on base; Milton 3 - Gryfindor 8
BOTTOM OF THE 7TH
Gryfindor Braves batting - Pitching for Milton Dogfish Head : RHP Edgardo Nava
Batting: RHB Bob McNeil 0-0: Called Strike
0-1: Ball
1-1: Foul Ball, location: 2F
1-2: Ball
2-2: Ground out 5-3 (Groundball, 5)
Batting: LHB Jack Schmitt 0-0: Foul Ball, location: 2F
0-1: Ground out 4-3 (Groundball, 4M)
Batting: LHB José Corona 0-0: Ball
1-0: Called Strike
1-1: Foul Ball, location: 2F
1-2: Foul Ball, location: 2F
1-2: Foul Ball, location: 2F
1-2: Ball
2-2: Ball
3-2: Strikes out looking
Bottom of the 7th over - 0 run(s), 0 hit(s), 0 error(s), 0 left on base; Milton 3 - Gryfindor 8
TOP OF THE 8TH
Milton Dogfish Head batting - Pitching for Gryfindor Braves : RHP Casey Dagher
Batting: LHB Víctor Robledo 0-0: Called Strike
0-1: SINGLE (Groundball, 56D)
Batting: LHB António Ramos 0-0: Foul Ball, location: 2F
0-1: Swinging Strike
0-2: DOUBLE (Line Drive, 7LM)
Víctor Robledo to third
Batting: RHB Moisés Quintana 0-0: Foul Ball, location: 2F
0-1: Fly out, F2 (Popup, 25)
Batting: RHB Brad Perry 0-0: Ball
1-0: Fly out, F7 (Line Drive, 78D)
Runner from 3rd tags up, SCORES, no throw
Batting: LHB Luis Vicenteno 0-0: Called Strike
0-1: Called Strike
0-2: Foul Ball, location: 2F
0-2: Fly out, F6 (Popup, 6MD)
Top of the 8th over - 1 run(s), 2 hit(s), 0 error(s), 1 left on base; Milton 4 - Gryfindor 8
BOTTOM OF THE 8TH
Gryfindor Braves batting - Pitching for Milton Dogfish Head : RHP Edgardo Nava
Batting: SHB Salvador Trevino 0-0: Ball
1-0: Foul Ball, location: 2F
1-1: Ball
2-1: Ball
3-1: Base on Balls
Batting: SHB Fernando Sánchez 0-0: Ball
1-0: Ball
2-0: Called Strike
2-1: Foul Ball, location: 2F
2-2: Strikes out swinging
Batting: RHB Steve Duncan 0-0: Ball
1-0: Called Strike
1-1: DOUBLE (Line Drive, 7LM)
Salvador Trevino to third
Batting: SHB Arturo Romero 0-0: Called Strike
0-1: Ground out U3 (Groundball, 34S)
Salvador Trevino scores
Steve Duncan to third
Batting: RHB Ernesto Souza 0-0: Ball
1-0: Called Strike
1-1: Foul Ball, location: 2F
1-2: SINGLE (Line Drive, 56)
Steve Duncan scores
Batting: SHB Emílio Gonzáles 0-0: Called Strike
0-1: Called Strike
0-2: Strikes out swinging
Bottom of the 8th over - 2 run(s), 2 hit(s), 0 error(s), 1 left on base; Milton 4 - Gryfindor 10
TOP OF THE 9TH
Milton Dogfish Head batting - Pitching for Gryfindor Braves : RHP Casey Dagher
Now at 1B: Michael Smith
Batting: RHB Víctor López 0-0: Foul Ball, location: 2F
0-1: Ground out 6-3 (Groundball, 6)
Batting: RHB Lorenzo Rosas 0-0: Ball
1-0: Foul Ball, location: 2F
1-1: Ball
2-1: Ball
3-1: Ground out 5-3 (Groundball, 5)
Batting: RHB José Correa 0-0: Called Strike
0-1: Called Strike
0-2: Ball
1-2: Foul Ball, location: 2F
1-2: Ball
2-2: SINGLE (Groundball, 6D)
Batting: RHB Bryce Bancroft 0-0: Called Strike
0-1: Ball
1-1: Ball
2-1: Swinging Strike
2-2: Fly out, F7 (Flyball, 7)
Top of the 9th over - 0 run(s), 1 hit(s), 0 error(s), 1 left on base; Milton 4 - Gryfindor 10
Monday, March 20th, 2017 - OOTP Baseball 17.12 Build 75